 Dungeon Crawl Stone Soup version 0.31-a0-233-g139696dc86 (webtiles) character file.

Game seed: 9483925961837220940

22468 qw the Marksgargoyle (level 13, -10/82 HPs)
             Began as a Gargoyle Hexslinger on July 7, 2023.
             Was a High Priest of Okawaru.
             Mangled by a killer bee (12 damage)
             ... on level 2 of the Lair of Beasts.
             The game lasted 00:04:16 (8618 turns).

qw the Marksgargoyle (Gargoyle Hexslinger)          Turns: 8618, Time: 00:04:17

Health: -10/82     AC: 30    Str: 13    XL:     13   Next: 0%
Magic:  11/11      EV: 15    Int: 18    God:    Okawaru [*****.]
Gold:   603        SH:  5    Dex: 18    Spells: 13/14 levels left

rFire   + . .        b - +3 longbow (heavy)
rCold   . . .        (shield currently unavailable)
rNeg    + . .        g - +1 ring mail "Ytzais" {rCorr MP-9 Int+4 Dex-4 SInv}
rPois   inf          s - +1 helmet
rElec   +            f - +0 cloak
rCorr   +            c - +1 pair of gloves
SInv    +            x - +2 pair of boots
Will    .....        i - amulet of reflection
Stlth   ++           a - +6 ring of dexterity
HPRegen 0.33/turn    o - ring of protection from fire
MPRegen 0.12/turn

%: reflection
@: heroic
A: sickness immunity, AC +9, negative energy resistance 1, electricity
resistance, torment resistance 1, petrification resistance, iridescent scales 1
a: Renounce Religion, Heroism, Finesse, Duel


You were on level 2 of the Lair of Beasts.
You worshipped Okawaru.
Okawaru was extremely pleased with you.
You visited 3 branches of the dungeon, and saw 11 of its levels.

You collected 603 gold pieces.


Innate Abilities, Weirdness & Mutations

You are immune to sickness and miasma.
Your stone body is resilient. (AC +9)
You are immune to poison.
You resist negative energy. (rN+)
You are resistant to electric shocks. (rElec)
You are resistant to unholy torment.
You are immune to petrification.
You are partially covered in iridescent scales. (AC +2)


   Skills:
 - Level 10.0(15.0) Fighting
 + Level 15.5(20.5) Ranged Weapons
 - Level 6.0(11.0) Armour
 - Level 4.1(9.1) Dodging
 - Level 1.0 Spellcasting
 - Level 2.6 Hexes
 - Level 10.0 Invocations


You had 13 spell levels left.
You knew the following spells:

 Your Spells              Type           Power      Damage    Failure   Level
a - Slow                  Hex            40%        N/A       12%         1

Your spell library contained the following spells:

 Spells                   Type           Power      Damage    Failure   Level
 Inner Flame              Hex/Fire       5%         N/A       52%         3
 Portal Projectile        Hex/Tloc       10%        N/A       52%         3
 Cause Fear               Hex            5%         N/A       75%         4

Inventory:

Hand Weapons
 b - a +3 heavy longbow (weapon)
Armour
 c - a +1 pair of gloves (worn)
 f - a +0 cloak (worn)
 g - the +1 ring mail "Ytzais" (worn) {rCorr MP-9 Int+4 Dex-4 SInv}
   (You found it on level 8 of the Dungeon)

   Int:       It affects your intelligence (+4).
   Dex:       It affects your dexterity (-4).
   MP:        It affects your magic capacity (-9).
   SInv:      It lets you see invisible.
   rCorr:     It protects you from acid and corrosion.
 k - the +2 robe of Time Monsters {rN++}
   (You found it on level 1 of the Lair of Beasts)

   rN:        It greatly protects you from negative energy.
 s - a +1 helmet (worn)
 t - the +3 hat of Pondering {ponderous, Will+ MP+10 Int+5}
   (You took it off Gastronok on level 1 of the Lair of Beasts)

   Int:       It affects your intelligence (+5).
   MP:        It affects your magic capacity (+10).
   Will:      It increases your willpower.
 x - a +2 pair of boots (worn)
Jewellery
 a - a +6 ring of dexterity (left hand)
 i - an amulet of reflection (around neck)
 l - a ring of resist corrosion
 o - a ring of protection from fire (right hand)
Scrolls
 e - 3 scrolls of brand weapon
 w - 3 scrolls of identify
Potions
 d - 2 potions of resistance
 h - a potion of might
 j - a potion of heal wounds {unknown}
 m - a potion of lignification {unknown}
 n - 2 potions of ambrosia {unknown}
 p - a potion of invisibility {unknown}
 q - 6 potions of curing
 u - 2 potions of haste
 v - a potion of enlightenment {unknown}
 z - a potion of mutation
 A - a potion of attraction {unknown}
 B - a potion of brilliance {unknown}

Dungeon Overview and Level Annotations

Branches:
Dungeon (8/15)             Temple (1/1) D:4            Lair (2/5) D:8
  Swamp: Lair:2-3    Shoals: Lair:2-3     Snake: Lair:2-3    Spider: Lair:2-3

Altars:
Dithmenos
Elyvilon
Fedhas
Gozag
Hepliaklqana
Kikubaaqudgha
Makhleb
Nemelex Xobeh
Okawaru
Ru
Sif Muna
Trog
Uskayaw
Vehumet
Xom
The Shining One

Shops:
D:1 =

Annotations:
D:3 3 runed translucent doors, qw's ghost, amateur GrHs; qw's ghost, amateur MiHs
Lair:1 2 transporters, qw's ghost, novice NaHu


Message History

The killer bee stings you but does no damage.
The killer bee barely misses you. x3; The queen bee closely misses you.
The killer bee misses you.
You shoot an arrow. The arrow closely misses the queen bee.
The killer bee closely misses you. You block the killer bee's attack.
The killer bee closely misses you.
The killer bee stings you but does no damage.
The killer bee stings you. The killer bee misses you.
The killer bee stings you. The killer bee barely misses you.
The killer bee stings you but does no damage.
The queen bee barely misses you. The killer bee misses you.
The killer bee stings you but does no damage.
You shoot an arrow. The arrow barely misses the queen bee.
The killer bee closely misses you.
The killer bee stings you but does no damage.
The killer bee barely misses you. x3; You block the killer bee's attack.
The killer bee stings you but does no damage.
The queen bee stings you!
The killer bee stings you but does no damage.
The killer bee closely misses you.
The killer bee stings you but does no damage.
The queen bee completely misses you.
You shoot an arrow. The arrow closely misses the queen bee.
You block the killer bee's attack. The killer bee closely misses you.
The killer bee barely misses you. The killer bee stings you.
The killer bee stings you but does no damage.
You block the killer bee's attack. The killer bee misses you.
The killer bee stings you. The killer bee barely misses you.
The killer bee stings you. The killer bee closely misses you.
The queen bee stings you but does no damage.
The killer bee stings you.
You shoot an arrow. The arrow hits the queen bee!
You kill the queen bee!
Okawaru accepts your kill. You block the killer bee's attack.
The killer bee stings you but does no damage.
You block the killer bee's attack.
The killer bee stings you but does no damage. x2
The killer bee stings you!
You die...

..#.# ...# #.. ..#.#
... .. ..#.#. ...#
#.# ...#.#. .#...#
#.. ....#.#....... ..
.....#.#....#.###.##
......#........#%y.#
. .....#.#.... #.y@#
.# ......#.#...###y##
.#
.....#.#.#...#...#..#
......#.#.#........#
.......#.#.##.##.###
#.......#.#..#..#..
#........#.##.##.###.
##...................
##...................


You could see 3 killer bees.

Vanquished Creatures
  Gastronok (Lair:1)
  A hydra (Lair:2)
  3 death yaks (Lair:2)
  A bog body (Lair:2)
  Pikel (D:7)
  4 oklob plants (Lair:1)
  2 elephants (Lair:2)
  3 black mambas (Lair:1)
  6 cane toads
  A torpor snail (Lair:1)
  6 komodo dragons
  A rime drake (Lair:2)
  A queen bee (Lair:2)
  Grinder (D:3)
  2 polar bears
  11 blink frogs
  4 wyverns (Lair:2)
  12 yaks
  A steam dragon (Lair:2)
  Edmund (D:6)
  11 water moccasins
  2 orc warriors
  An ice beast (D:6)
  3 sky beasts
  2 black bears
  7 wolves (Lair:2)
  A centaur (D:7)
  2 ogres
  A kobold brigand (D:7)
  9 bullfrogs
  4 scorpions
  28 killer bees (Lair:2)
  An electric eel (Lair:1)
  A jelly (D:4)
  A gnoll bouda (D:4)
  3 hounds
  11 orc priests
  Terence (D:3)
  A sleepcap (D:8)
  4 iguanas
  7 orc wizards
  5 hell rats (Lair:1)
  Robin (D:4)
  7 gnolls
  14 adders
  3 shadow imps
  3 white imps
  2 ufetubi
  A worm (D:2)
  3 dart slugs
  32 orcs
  6 bats
  13 endoplasms
  5 giant cockroaches
  13 hobgoblins
  8 jackals
  8 kobolds
  4 quokkas
  10 ball pythons
  3 frilled lizards
  16 goblins
  3 rats
324 creatures vanquished.

Notes
Turn   | Place    | Note
-------+----------+-------------------------------------------
     0 | D:1      | qw the Gargoyle Hexslinger began the quest for the Orb.
     0 | D:1      | Reached XP level 1. HP: 12/12 MP: 2/2
     0 | D:1      | 0 ||| qw: Version: 0.3-a-46-gb1f654a
     0 | D:1      | 0 ||| qw: Game counter: 3344
     0 | D:1      | 0 ||| qw: Melee chars always use a shield: true
     0 | D:1      | 0 ||| qw: God list: Okawaru
     0 | D:1      | 0 ||| qw: Allow faded altars: false
     0 | D:1      | 0 ||| qw: Do Orc after clearing Dungeon:15 true
     0 | D:1      | 0 ||| qw: Do second Lair branch before Depths: true
     0 | D:1      | 0 ||| qw: Lair rune preference: random
     0 | D:1      | 0 ||| qw: Goals: Normal
     0 | D:1      | 0 ||| PLANNING D:1-11
    77 | D:1      | Reached XP level 2. HP: 16/16 MP: 3/3
    91 | D:1      | Found Nilupab's Jewellery Boutique.
   100 | D:1      | 100 ||| SHOPLISTING +4 ring of slaying (1092 gold, have 0).
   100 | D:1      | 100 ||| SHOPLISTING amulet of reflection (420 gold, have
                  | 0).
   100 | D:1      | 100 ||| SHOPLISTING amulet of regeneration (420 gold, have
                  | 0).
   100 | D:1      | 100 ||| SHOPLISTING ring of Dishonour {Drain rElec rF+
                  | rCorr} (546 gold, have 0).
   100 | D:1      | 100 ||| SHOPLISTING ring of protection from cold (350 gold,
                  | have 0).
   100 | D:1      | 100 ||| SHOPLISTING ring of resist corrosion (280 gold,
                  | have 0).
   100 | D:1      | 100 ||| SHOPLISTING ring of willpower (350 gold, have 0).
   149 | D:1      | Reached skill level 3 in Ranged Weapons
   313 | D:1      | Reached XP level 3. HP: 21/21 MP: 4/4
   739 | D:1      | Found a faded altar of an unknown god.
   740 | D:1      | 740 ||| UPGRADING to +0 cloak.
   745 | D:1      | 745 ||| UPGRADING to +0 pair of boots.
   750 | D:1      | 750 ||| UPGRADING to +0 ring mail.
   760 | D:1      | 760 ||| DROPPING +0 robe.
   761 | D:1      | 761 ||| UPGRADING to +0 helmet.
   766 | D:1      | 766 ||| UPGRADING to amulet of regeneration.
   771 | D:1      | 771 ||| UPGRADING to ring of resist corrosion.
   772 | D:1      | 772 ||| READING scroll labelled ULOERER RARA.
   773 | D:1      | 773 ||| READING scroll labelled FUELEE XIRUTI.
   774 | D:1      | 774 ||| DROPPING scroll of poison.
   821 | D:2      | 821 ||| STAIRDANCE
   853 | D:2      | Reached skill level 1 in Armour
   863 | D:2      | Reached XP level 4. HP: 26/26 MP: 5/5
   972 | D:2      | Reached skill level 4 in Ranged Weapons
  1268 | D:2      | Reached XP level 5. HP: 30/30 MP: 6/6
  1412 | D:2      | Found a shimmering altar of Xom.
  1460 | D:2      | 1460 ||| UPGRADING to +0 pair of gloves.
  1465 | D:2      | 1465 ||| UPGRADING to ring of protection from fire.
  1466 | D:2      | 1466 ||| READING 4 scrolls labelled BUAGUBE JURI.
  1467 | D:2      | 1467 ||| READING scroll labelled BAWNAD RO RAMO.
  1468 | D:2      | 1468 ||| READING scroll labelled CUOXKOCKORPH.
  1474 | D:2      | 1474 ||| READING scroll labelled DITIMOS COUCLI.
  1475 | D:2      | 1475 ||| DROPPING 3 scrolls of vulnerability.
  1525 | D:3      | Noticed Terence
  1544 | D:3      | Reached skill level 5 in Ranged Weapons
  1546 | D:3      | 1546 ||| FLEEEEING.
  1575 | D:3      | Killed Terence
  1576 | D:3      | Reached skill level 3 in Fighting
  1586 | D:3      | 1586 ||| SWAPPING to +2 heavy longbow.
  1587 | D:3      | 1587 ||| DROPPING +1 sling of flaming.
  1611 | D:3      | 1611 ||| Stepping ~*~*~tactically~*~*~ (outnumbered).
  1616 | D:3      | Reached XP level 6. HP: 37/37 MP: 7/7
  1647 | D:3      | Noticed Grinder
  1658 | D:3      | 1658 ||| FLEEEEING.
  1659 | D:3      | 1659 ||| FLEEEEING.
  1660 | D:3      | 1660 ||| FLEEEEING.
  1661 | D:3      | 1661 ||| FLEEEEING.
  1662 | D:3      | 1662 ||| FLEEEEING.
  1663 | D:3      | 1663 ||| FLEEEEING.
  1664 | D:3      | 1664 ||| FLEEEEING.
  1665 | D:3      | 1665 ||| FLEEEEING.
  1666 | D:3      | 1666 ||| STAIRDANCE
  1672 | D:2      | 1672 ||| UPGRADING to +6 ring of dexterity.
  1675 | D:3      | Paralysed by Grinder for 3 turns
  1682 | D:3      | 1682 ||| STAIRDANCE
  1694 | D:3      | Paralysed by Grinder for 5 turns
  1700 | D:3      | Paralysed by Grinder for 5 turns
  1705 | D:3      | Killed Grinder
  1706 | D:3      | Reached skill level 6 in Ranged Weapons
  1706 | D:3      | Reached XP level 7. HP: 41/41 MP: 8/8
  1880 | D:3      | Found a runed translucent gate.
  1880 | D:3      | Found a runed translucent gate.
  1880 | D:3      | Found a runed translucent gate.
  1885 | D:3      | Noticed qw's ghost (amateur GrHs)
  1885 | D:3      | Noticed qw's ghost (amateur MiHs)
  2139 | D:3      | 2139 ||| READING scroll labelled SOASEOPT ELAS.
  2140 | D:3      | 2140 ||| READING scroll labelled WAFOQE ASEI.
  2191 | D:4      | Reached skill level 7 in Ranged Weapons
  2220 | D:4      | Found a staircase to the Ecumenical Temple.
  2221 | D:4      | 2221 ||| PLANNING TEMPLE
  2229 | Temple   | Entered the Ecumenical Temple
  2250 | Temple   | 2250 ||| PLANNING OKAWARU WORSHIP
  2442 | Temple   | Became a worshipper of Warmaster Okawaru
  2443 | Temple   | 2443 ||| PLANNING D:1-11
  2521 | D:4      | Noticed Robin
  2522 | D:4      | 2522 ||| Stepping ~*~*~tactically~*~*~ (outnumbered).
  2528 | D:4      | Killed Robin
  2638 | D:4      | Reached XP level 8. HP: 46/48 MP: 9/9
  2673 | D:4      | 2673 ||| READING scroll of enchant armour.
  2673 | D:4      | 2673 ||| ENCHANTING +0 pair of gloves.
  2875 | D:4      | Reached skill level 8 in Ranged Weapons
  3198 | D:4      | 3198 ||| UPGRADING to +2 animal skin.
  3208 | D:4      | 3208 ||| DROPPING +0 ring mail.
  3209 | D:4      | 3209 ||| UPGRADING to +1 helmet.
  3219 | D:4      | 3219 ||| DROPPING +0 helmet.
  3220 | D:4      | 3220 ||| READING scroll labelled IJIEWE TEMAN.
  3259 | D:5      | Entered Level 5 of the Dungeon
  3301 | D:5      | Reached * piety under Okawaru
  3303 | D:5      | Found a white marble altar of Elyvilon.
  3343 | D:5      | 3343 ||| INVOKING Heroism.
  3385 | D:5      | Reached skill level 1 in Invocations
  3392 | D:5      | 3392 ||| INVOKING Heroism.
  3562 | D:5      | Found a sparkling altar of Nemelex Xobeh.
  3614 | D:5      | Found a shimmering blue altar of Sif Muna.
  3756 | D:5      | 3756 ||| INVOKING Heroism.
  3759 | D:5      | Reached skill level 9 in Ranged Weapons
  3941 | D:5      | 3941 ||| READING scroll labelled FUMAKO ASOJIOJ.
  3942 | D:5      | 3942 ||| DRINKING 2 ruby potions.
  3943 | D:5      | 3943 ||| READING 2 scrolls of identify.
  3943 | D:5      | 3943 ||| IDENTIFYING murky yellow potion
  4137 | D:6      | Reached skill level 3 in Invocations
  4206 | D:6      | Reached XP level 9. HP: 54/54 MP: 11/11
  4207 | D:6      | 4207 ||| INVOKING Heroism.
  4211 | D:6      | Reached skill level 3 in Dodging
  4263 | D:6      | 4263 ||| FLEEEEING.
  4278 | D:6      | 4278 ||| INVOKING Heroism.
  4306 | D:6      | 4306 ||| INVOKING Heroism.
  4475 | D:6      | 4475 ||| READING scroll of enchant weapon.
  4475 | D:6      | 4475 ||| ENCHANTING +2 heavy longbow.
  4495 | D:6      | Reached skill level 6 in Fighting
  4521 | D:6      | Noticed Edmund
  4522 | D:6      | 4522 ||| INVOKING Heroism.
  4526 | D:6      | Killed Edmund
  4550 | D:6      | 4550 ||| Stepping ~*~*~tactically~*~*~ (outnumbered).
  4552 | D:6      | 4552 ||| INVOKING Heroism.
  4554 | D:6      | 4554 ||| DRINKING 2 potions of curing.
  4554 | D:6      | 4554 ||| (to cure confusion)
  4653 | D:6      | 4653 ||| UPGRADING to amulet of reflection.
  4663 | D:6      | 4663 ||| DROPPING amulet of regeneration.
  4664 | D:6      | 4664 ||| READING 2 scrolls of identify.
  4664 | D:6      | 4664 ||| IDENTIFYING bubbling clear potion
  4665 | D:6      | 4665 ||| DROPPING potion of berserk rage.
  4709 | D:7      | 4709 ||| PLANNING OSSUARY
  4758 | D:7      | Found a sand-covered staircase.
  4801 | D:7      | Noticed Pikel
  4802 | D:7      | 4802 ||| INVOKING Heroism.
  4805 | D:7      | Killed Pikel
  4806 | D:7      | Reached skill level 10 in Ranged Weapons
  4916 | D:7      | 4916 ||| INVOKING Heroism.
  4920 | D:7      | Reached ** piety under Okawaru
  5003 | D:7      | Identified the +11 dagger "Killer Bee's Death" {speed, rF+}
  5072 | D:7      | Reached XP level 10. HP: 63/63 MP: 13/13
  5266 | D:7      | Found a blossoming altar of Fedhas.
  5326 | D:7      | 5326 ||| RIP OSSUARY
  5420 | D:7      | 5420 ||| PLANNING D:1-11
  5420 | D:7      | 5420 ||| UPGRADING to +2 pair of boots.
  5430 | D:7      | 5430 ||| DROPPING +0 pair of boots.
  5431 | D:7      | 5431 ||| DROPPING +6 ring of intelligence.
  5432 | D:7      | 5432 ||| READING 2 scrolls labelled FUAWENKOAL.
  5433 | D:7      | 5433 ||| READING scroll labelled ONLEST JETWE.
  5434 | D:7      | 5434 ||| DRINKING 2 coppery potions.
  5434 | D:7      | Gained mutation: You are partially covered in iridescent
                  | scales. (AC +2) [potion of mutation]
  5435 | D:7      | 5435 ||| DROPPING scroll of revelation.
  5460 | D:8      | Reached skill level 11 in Ranged Weapons
  5474 | D:8      | Found a staircase to the Lair.
  5483 | D:8      | 5483 ||| INVOKING Heroism.
  5532 | D:8      | Identified the +1 ring mail "Ytzais" {rCorr MP-9 Int+4
                  | Dex-4 SInv}
  6301 | D:8      | 6301 ||| PLANNING LAIR
  6301 | D:8      | 6301 ||| UPGRADING to +1 ring mail "Ytzais" {rCorr MP-9
                  | Int+4 Dex-4 SInv}.
  6311 | D:8      | 6311 ||| READING scroll labelled LAUDAEPOPE.
  6388 | Lair:1   | Entered Level 1 of the Lair of Beasts
  6389 | Lair:1   | 6389 ||| INVOKING Heroism.
  6393 | Lair:1   | Reached skill level 3 in Armour
  6417 | Lair:1   | Reached *** piety under Okawaru
  6443 | Lair:1   | Noticed a black mamba
  6444 | Lair:1   | 6444 ||| INVOKING Heroism.
  6445 | Lair:1   | Killed a black mamba
  6446 | Lair:1   | Reached skill level 12 in Ranged Weapons
  6474 | Lair:1   | 6474 ||| INVOKING Heroism.
  6482 | Lair:1   | Noticed a black mamba
  6487 | Lair:1   | Killed a black mamba
  6516 | Lair:1   | Noticed a torpor snail
  6517 | Lair:1   | 6517 ||| INVOKING Heroism.
  6524 | Lair:1   | Killed a torpor snail
  6525 | Lair:1   | Reached XP level 11. HP: 50/68 MP: 3/14
  6657 | Lair:1   | 6657 ||| INVOKING Heroism.
  6760 | Lair:1   | Reached skill level 13 in Ranged Weapons
  6780 | Lair:1   | 6780 ||| INVOKING Heroism.
  6781 | Lair:1   | Reached **** piety under Okawaru
  6823 | Lair:1   | Found a transporter.
  6858 | Lair:1   | Found a transporter.
  6859 | Lair:1   | Noticed a purple ugly thing
  6886 | Lair:1   | Noticed Gastronok
  6887 | Lair:1   | 6887 ||| INVOKING Heroism.
  6900 | Lair:1   | Killed Gastronok
  6901 | Lair:1   | Reached skill level 9 in Fighting
  7052 | Lair:1   | 7052 ||| INVOKING Heroism.
  7088 | Lair:1   | 7088 ||| INVOKING Heroism.
  7093 | Lair:1   | Reached skill level 6 in Invocations
  7148 | Lair:1   | 7148 ||| INVOKING Heroism.
  7178 | Lair:1   | Noticed an oklob plant
  7179 | Lair:1   | 7179 ||| READING scroll labelled LAKLIM PEUP.
  7180 | Lair:1   | 7180 ||| READING 2 scrolls of identify.
  7180 | Lair:1   | 7180 ||| IDENTIFYING white potion
  7224 | Lair:1   | Noticed a wretched star
  7231 | Lair:1   | Noticed a cyan ugly thing
  7231 | Lair:1   | Noticed a thrashing horror
  7242 | Lair:1   | Noticed a worldbinder
  7242 | Lair:1   | Noticed qw's ghost (novice NaHu)
  7285 | Lair:1   | Identified the +2 robe of Time Monsters {rN++}
  7343 | Lair:1   | 7343 ||| INVOKING Heroism.
  7347 | Lair:1   | Killed an oklob plant
  7422 | Lair:1   | Noticed an oklob plant
  7423 | Lair:1   | 7423 ||| INVOKING Heroism.
  7425 | Lair:1   | Killed an oklob plant
  7446 | Lair:1   | Noticed an oklob plant
  7447 | Lair:1   | 7447 ||| DROPPING +2 animal skin.
  7448 | Lair:1   | Noticed an oklob plant
  7453 | Lair:1   | Killed an oklob plant
  7453 | Lair:1   | Reached ***** piety under Okawaru
  7453 | Lair:1   | Received a gift from Okawaru
  7454 | Lair:1   | 7454 ||| FLEEEEING.
  7455 | Lair:1   | 7455 ||| FLEEEEING.
  7504 | Lair:1   | 7504 ||| INVOKING Heroism.
  7515 | Lair:1   | Killed an oklob plant
  7813 | Lair:2   | 7813 ||| INVOKING Heroism.
  7848 | Lair:2   | 7848 ||| Stepping ~*~*~tactically~*~*~ (outnumbered).
  7860 | Lair:2   | Reached XP level 12. HP: 54/76 MP: 8/17
  7863 | Lair:2   | 7863 ||| INVOKING Heroism.
  7867 | Lair:2   | Reached skill level 14 in Ranged Weapons
  7913 | Lair:2   | 7913 ||| FLEEEEING.
  7914 | Lair:2   | 7914 ||| FLEEEEING.
  7919 | Lair:2   | Reached skill level 6 in Armour
  7920 | Lair:2   | 7920 ||| INVOKING Heroism.
  7921 | Lair:2   | Noticed a four-headed hydra
  7925 | Lair:2   | Killed a four-headed hydra
  8051 | Lair:2   | Reached skill level 9 in Invocations
  8103 | Lair:2   | 8103 ||| INVOKING Heroism.
  8321 | Lair:2   | 8321 ||| INVOKING Heroism.
  8385 | Lair:2   | 8385 ||| INVOKING Heroism.
  8389 | Lair:2   | Identified the +2 buckler "Haxeuma" {rPois} (Okawaru gifted
                  | it to you on level 2 of the Lair of Beasts)
  8389 | Lair:2   | Received a gift from Okawaru
  8445 | Lair:2   | Noticed a death yak
  8446 | Lair:2   | 8446 ||| INVOKING Heroism.
  8447 | Lair:2   | 8447 ||| INVOKING Finesse.
  8447 | Lair:2   | Noticed a death yak
  8448 | Lair:2   | Noticed a death yak
  8460 | Lair:2   | Killed a death yak
  8464 | Lair:2   | Killed a death yak
  8467 | Lair:2   | Killed a death yak
  8580 | Lair:2   | Reached skill level 15 in Ranged Weapons
  8585 | Lair:2   | 8585 ||| INVOKING Heroism.
  8607 | Lair:2   | Reached XP level 13. HP: 34/82 MP: 11/20
  8616 | Lair:2   | HP: 16/82 [queen bee (9)]
  8617 | Lair:2   | HP: 6/82 [killer bee (5)]
  8617 | Lair:2   | HP: 2/82 [killer bee (4)]
  8618 | Lair:2   | Mangled by a killer bee

Levels and vault maps discovered:
D:1:      psy_arrival_terrarium, layout_basic,
          hellmonk_ecumenical_altar_inner_sanctum, serial_shops,
          nicolae_shop_stone
D:2:      minmay_general_purpose_star, layout_rooms, basic_altar,
          minmay_snake_closets
D:3:      layout_basic, gammafunk_ghost_cemetery, uniq_grinder, uniq_terence
D:4:      layout_loops_ring, minmay_temple_entry_offerings,
          minmay_misc_feat_doors, kennysheep_minor_cross,
          chequers_serial_rivers_marsh, chequers_serial_rivers_large_b,
          uniq_robin
D:5:      layout_loops_ring, elyvilon_altar_3,
          mainiacjoe_overflow_cross_hatched, nicolae_sif_muna_little_library
D:6:      layout_loops_ring, uniq_edmund
D:7:      layout_rooms, mainiacjoe_overflow_alcove_2,
          nicolae_ossuary_entry_false_entrances, grunt_ministairs_11, uniq_pikel
D:8:      layout_loops_corners, david_lair_shrubbed
Temple:   chequers_temple_sunken
Lair:1:   minmay_lair_oklob_tunnel, layout_gridlike,
          gammafunk_ghost_abyssal_escape, serial_bayou_shore_a, uniq_gastronok
Lair:2:   hangedman_what_comes_after_a, layout_regular_city,
          skrybe_swamp_entry_bodies

Skill      XL: |  1  2  3  4  5  6  7  8  9 10 11 12 |
---------------+-------------------------------------+-----
Ranged Weapons | 3 4 5 6 7 9 10 12 13 15 | 15.5
Fighting       | 2 3 4 5 7 8 9 10 | 10.0
Armour         | 1 2 5 6 |  6.0
Dodging        | 2 3 4 |  4.1
Invocations    | 3 4 7 10 | 10.0
Spellcasting   | |  1.0
Hexes          | |  2.6

Action                     |  1- 3 |  4- 6 |  7- 9 | 10-12 | 13-15 || total
---------------------------+-------+-------+-------+-------+-------++-------
   Fire: Sling             |   140 |   217 |       |       |       ||   357
         Longbow           |       |    30 |   218 |   347 |    12 ||   607
 Invoke: Heroism           |       |       |    10 |    22 |       ||    32
         Finesse           |       |       |       |     1 |       ||     1
    Use: Scroll            |     2 |     4 |     8 |     5 |       ||    19
         Potion            |       |       |     2 |     1 |       ||     3
 Armour: Robe              |    24 |       |       |       |       ||    24
         Ring mail         |    12 |   135 |    63 |   250 |    27 ||   487
         Animal skin       |       |       |    13 |     7 |       ||    20
  Dodge: Dodged            |    58 |   122 |    74 |   367 |    62 ||   683
  Block: Other             |       |       |     1 |   124 |     9 ||   134
         Reflection        |       |       |       |     2 |       ||     2

Table legend:
 A = Non-vault XP
 B = Vault XP
 C = Vault XP percentage of total XP
 D = Non-vault monster count
 E = Vault monster count
 F = Vault count percentage of total count
                 A         B        C        D         E       F
            +---------+---------+-------+---------+---------+-------
      Total |   18377 |   14033 |  43.3 |     234 |      90 |  27.8
            +---------+---------+-------+---------+---------+-------
        D:1 |      63 |       0 |   0.0 |      35 |       0 |   0.0
        D:2 |      75 |      78 |  51.0 |      21 |      13 |  38.2
        D:3 |     288 |     324 |  52.9 |      27 |       2 |   6.9
        D:4 |     572 |      36 |   5.9 |      32 |      12 |  27.3
        D:5 |     661 |       0 |   0.0 |      18 |       0 |   0.0
        D:6 |    1037 |     158 |  13.2 |      24 |       1 |   4.0
        D:7 |     927 |     906 |  49.4 |      15 |       3 |  16.7
        D:8 |    1193 |     372 |  23.8 |      11 |       1 |   8.3
     Lair:1 |    6350 |    4189 |  39.7 |      29 |       7 |  19.4
     Lair:2 |    7211 |    7970 |  52.5 |      22 |      51 |  69.9
            +---------+---------+-------+---------+---------+-------
